 Dungeon Crawl Stone Soup version 0.31.0-32-g396128a36d (webtiles) character file.

Game seed: 11229682209746293945

276933 mrw3rdna the Executioner (level 19, -25/177 HPs)
             Began as a Minotaur Fighter on Apr 10, 2024.
             Was the Champion of the Shining One.
             Killed from afar by Nikola (115 damage)
             ... with an arc of chain lightning
             ... on level 3 of the Shoals on Apr 11, 2024.
             The game lasted 03:18:03 (30967 turns).

mrw3rdna the Executioner (Minotaur Fighter)        Turns: 30967, Time: 03:18:03

Health: -25/177    AC: 40    Str: 20    XL:     19   Next: 59%
Magic:  11/19      EV:  7    Int: 21    God:    the Shining One [******]
Gold:   2631       SH: 23    Dex: 12    Spells: 24/24 levels left

rFire   + + +        b - +6 spear "Opsesy" {speed, Fly rF+ Str-5 Int+3}
rCold   + . .        W - +4 tower shield {reflect}
rNeg    + + +        n - +10 plate armour of Impermeability {Rampage Int+3 Dex-3}
rPois   +            s - +2 hat
rElec   .            Z - +1 cloak of the Everdark {+Inv Int+2}
rCorr   .            N - +2 pair of gloves
SInv    .            p - +2 pair of boots {rampage}
Will    +....        w - amulet of regeneration Stlth
                     h - ring "Nyhut" {Ice rPois rN+++ Str+4 Int-3}
HPRegen 1.29/turn    Y - ring "Boci" {rF+++ MP-9 Str-5 Int+5 Dex+6 Stlth+}
MPRegen 0.16/turn

%: reflection, rampage
@: flying, glowing
A: horns 2, retaliatory headbutt, clever 1, inability to read after injury 1,
persistent drain
}: 2/15 runes: serpentine, abyssal
a: Renounce Religion, Evoke Invisibility, Divine Shield, Cleansing Flame, Summon
Divine Warrior, Brand Weapon With Holy Wrath


You were on level 3 of the Shoals.
You worshipped the Shining One.
The Shining One was exalted by your worship.
You visited 7 branches of the dungeon, and saw 33 of its levels.
You visited the Abyss 1 time.
You also visited: Sewer and Bailey.

You collected 4623 gold pieces.
You spent 1992 gold pieces at shops.

Inventory:

Hand Weapons
 a - the +5 war axe "Ytaujedu" {freeze, rElec rCorr Stlth-}
   (You bought it in a shop on level 4 of the Snake Pit)

   rElec:     It insulates you from electricity.
   rCorr:     It protects you from acid and corrosion.
   Stlth-:    It makes you less stealthy.
 b - the +6 spear "Opsesy" (weapon) {speed, Fly rF+ Str-5 Int+3}
   (You found it on level 3 of the Elven Halls)

   Str-5:     It affects your strength (-5).
   Int+3:     It affects your intelligence (+3).
   rF+:       It protects you from fire.
   Fly:       It grants you flight.
Missiles
 f - 10 throwing nets
 g - 50 poisoned darts
 k - 2 silver javelins
 A - 9 boomerangs
 C - 2 darts of dispersal
 I - 11 javelins
 L - 8 curare-tipped darts (quivered)
 Q - 4 datura-tipped darts
Armour
 n - the +10 plate armour of Impermeability (worn) {Rampage Int+3 Dex-3}
   (You bought it in a shop on level 2 of the Orcish Mines)

   Int+3:     It affects your intelligence (+3).
   Dex-3:     It affects your dexterity (-3).
   Rampage:   It bestows one free step when moving towards enemies.
 p - a +2 pair of boots of rampaging (worn)
 s - a +2 hat (worn)
 J - +0 fire dragon scales
 N - a +2 pair of gloves (worn)
 W - a +4 tower shield of reflection (worn)
 Z - the +1 cloak of the Everdark (worn) {+Inv Int+2}
   (You found it on level 4 of the Snake Pit)

   Int+2:     It affects your intelligence (+2).
   +Inv:      It lets you turn invisible.
Jewellery
 h - the ring "Nyhut" (left hand) {Ice rPois rN+++ Str+4 Int-3}
   (You found it on level 13 of the Dungeon)

   [ring of ice]

   Ice:       It enhances your ice magic.
   Str+4:     It affects your strength (+4).
   Int-3:     It affects your intelligence (-3).
   rF-:       It makes you vulnerable to fire.
   rC+:       It protects you from cold.
   rPois:     It protects you from poison rN+++: It renders you almost immune to
   negative energy.
 w - an amulet of regeneration (around neck)
 y - a +4 ring of protection
 Y - the ring "Boci" (right hand) {rF+++ MP-9 Str-5 Int+5 Dex+6 Stlth+}
   (You found it on level 5 of the Lair of Beasts)

   [ring of dexterity]

   Str-5:     It affects your strength (-5).
   Int+5:     It affects your intelligence (+5).
   Dex+6:     It affects your dexterity (+6).
   rF+++:     It renders you almost immune to fire.
   MP-9:      It affects your magic capacity (-9).
   Stlth+:    It makes you more stealthy.
Wands
 c - a wand of digging (21)
 x - a wand of mindburst (48)
 E - a wand of flame (31)
 M - a wand of charming (20)
 R - a wand of quicksilver (20)
 V - a wand of iceblast (30)
Scrolls
 j - 6 scrolls of poison
 r - 9 scrolls of revelation
 t - 6 scrolls of teleportation
 u - 5 scrolls of fog
 v - 7 scrolls of fear
 B - a scroll of identify
 D - 9 scrolls of blinking
 H - a scroll of immolation
 O - 4 scrolls of silence
Potions
 d - 7 potions of might
 e - a potion of berserk rage
 i - 4 potions of resistance
 l - 5 potions of haste
 m - 7 potions of enlightenment
 o - 14 potions of curing
 q - 4 potions of ambrosia
 z - 2 potions of mutation
 F - 2 potions of heal wounds
 G - 7 potions of brilliance
 K - 9 potions of cancellation
 T - 2 potions of lignification


   Skills:
 + Level 17.6 Fighting
 + Level 22.9 Axes
 - Level 8.0 Throwing
 + Level 17.3 Armour
 - Level 5.0 Dodging
 + Level 17.1 Shields
 - Level 3.0 Spellcasting
 + Level 14.1 Invocations
 - Level 5.0 Evocations


You had 24 spell levels left.
You didn't know any spells.
Your spell library contained the following spells:

 Spells                   Type           Power      Damage    Failure   Level
 Foxfire                  Conj/Fire      12%        2x1d4     96%         1
 Kiss of Death            Conj/Necr      12%        2d6       96%         1
 Sandblast                Erth           6%         2d5       96%         1
 Shock                    Conj/Air       12%        1d3       96%         1
 Sting                    Conj/Alch      12%        1d3       96%         1
 Blink                    Tloc           6%         N/A       99%         2
 Ensorcelled Hibernation  Hex/Ice        8%         N/A       99%         2
 Lesser Beckoning         Tloc           6%         N/A       99%         2
 Mercury Vapours          Alch/Air       6%         N/A       99%         2
 Momentum Strike          Conj/Tloc      6%         3d8       99%         2
 Call Canine Familiar     Summ           3%         N/A       100%        3
 Confusing Touch          Hex            3%         N/A       100%        3
 Fugue of the Fallen      Necr           3%         N/A       100%        3
 Mephitic Cloud           Conj/Alch/Air  3%         N/A       100%        3
 Ozocubu's Armour         Ice            4%         N/A       100%        3
 Passwall                 Erth           3%         N/A       100%        3
 Sigil of Binding         Hex            3%         N/A       100%        3
 Stone Arrow              Conj/Erth      6%         3d7       100%        3
 Swiftness                Air            3%         N/A       100%        3
 Tukima's Dance           Hex            3%         N/A       100%        3
 Volatile Blastmotes      Fire/Tloc      6%         2d10      100%        3
 Airstrike                Air            1%         2d(1-17)  100%        4
 Anguish                  Hex/Necr       1%         N/A       100%        4
 Animate Armour           Summ/Erth      6%         N/A       100%        4
 Brom's Barrelling Bould  Conj/Erth      3%         2d3       100%        4
 Cause Fear               Hex            1%         N/A       100%        4
 Dimensional Bullseye     Hex/Tloc       1%         N/A       100%        4
 Dispel Undead            Necr           3%         3d7       100%        4
 Fulminant Prism          Conj/Alch      1%         3d5       100%        4
 Iskenderun's Mystic Bla  Conj/Tloc      3%         2d3       100%        4
 Olgreb's Toxic Radiance  Alch           3%         N/A       100%        4
 Passage of Golubria      Tloc           3%         N/A       100%        4
 Summon Lightning Spire   Summ/Air       3%         N/A       100%        4
 Vhi's Electric Charge    Tloc/Air       6%         N/A       100%        4
 Arcjolt                  Conj/Air       1%         1d11      100%        5
 Fireball                 Conj/Fire      1%         3d3       100%        5
 Freezing Cloud           Conj/Ice/Air   2%         6-21      100%        5
 Lee's Rapid Deconstruct  Erth           1%         3d4*      100%        5
 Metabolic Englaciation   Hex/Ice        2%         N/A       100%        5
 Summon Forest            Summ/Tloc      1%         N/A       100%        5
 Yara's Violent Unravell  Hex/Alch       1%         3d3       100%        5
 Conjure Ball Lightning   Conj/Air       1%         3x3d6     100%        6
 Eringya's Noxious Bog    Alch           1%         4d6       100%        6
 Plasma Beam              Fire/Air       1%         2x1d11    100%        6
 Sculpt Simulacrum        Ice/Alch       2%         N/A       100%        6
 Starburst                Conj/Fire      1%         6d3       100%        6
 Ozocubu's Refrigeration  Ice            2%         4d7       100%        7
 Summon Hydra             Summ           1%         N/A       100%        7
 Discord                  Hex            1%         N/A       100%        8
 Disjunction              Tloc           1%         N/A       100%        8
 Dragon's Call            Summ           1%         N/A       100%        9


Dungeon Overview and Level Annotations

Branches:
Dungeon (15/15)            Temple (1/1) D:4            Lair (5/5) D:10
 Shoals (3/4) Lair:3        Snake (4/4) Lair:2        Slime (0/5) Lair:5
    Orc (2/2) D:9             Elf (3/3) Orc:2        Vaults (0/5) D:13
 Depths (0/4) D:15          Sewer (visited)          Bailey (visited)

Altars:
Ashenzari
Cheibriados
Dithmenos
Elyvilon
Fedhas
Gozag
Hepliaklqana
Kikubaaqudgha
Makhleb
Nemelex Xobeh
Okawaru
Qazlal
Ru
Sif Muna
Trog
Uskayaw
Vehumet
Wu Jian
Xom
Yredelemnul
Zin
The Shining One
Jiyva

Shops:
D:1 =   D:12 *   Orc:2 ![[!   Elf:2 (   Elf:3 [   Shoals:2 (   Snake:3 :=:((
Snake:4 :!(?=(:?

Portals:
Abyss: Snake:1
Trove: D:14 (show slimy rune of Zot)

Annotations:
Shoals:3 Nikola


Innate Abilities, Weirdness & Mutations

You have a pair of horns on your head.
You reflexively headbutt those who attack you in melee.
Your mind is acute. (Int +4, Str/Dex -1)
You occasionally lose the ability to read scrolls when taking damage.
Your health recovers twice as slowly from being drained.


Message History

The merfolk shouts! x2
You hit the snapping turtle.
The snapping turtle is moderately wounded.
The merfolk javelineer throws a javelin.
The javelin pierces through you but does no damage.
You reach to attack!
You puncture Nikola!
Nikola is heavily wounded.
The merfolk throws a boomerang.
You block the boomerang with your +4 tower shield of reflection... and reflect it back!
The boomerang barely misses the merfolk.
A merfolk comes into view. It is wielding a +0 trident.
You rampage towards Nikola!
The merfolk shouts!
You puncture Nikola! You headbutt Nikola.
Nikola is heavily wounded.
You hear a shout!
The snapping turtle bites you but does no damage.
Nikola casts a spell.
Lightning arcs from Nikola's hands!
The bolt of lightning hits the snapping turtle!!!
The snapping turtle dies!
A bolt of lightning appears from out of thin air!
The bolt of lightning hits Nikola!
The bolt of lightning hits you!!!
The bolt of lightning hits the merfolk!!
The bolt of lightning hits the merfolk javelineer!
The bolt of lightning hits the merfolk! x2
You hear an angry hiss.
You hear a shout!
You hear an angry hiss. x2
You hear a roar!
You barely miss Nikola. You headbutt Nikola.
Nikola is severely wounded.
A merfolk comes into view. It is wielding a +0 trident.
The merfolk throws a boomerang.
The boomerang closely misses you.
The merfolk javelineer throws a javelin.
The javelin pierces through you.
You are momentarily dazzled by a brilliant light.
The merfolk shouts!
Nikola gestures wildly while chanting.
Lightning arcs from Nikola's hands!
The bolt of lightning hits you!!!!
Ouch! That really hurt!
You die...

~~~~~~, ~~~~~~~ ~~~~~~.
..~~~~~~~~~>## ~~~~...
...~~~~~~~~..##
.~~~:..###.~~~~~~~~~~..#.
[~~~.~~~.~~~~~~.~~~~~~...
~~~~.~~~~~~~~~~~~~~~~~~≈≈
~~~.~~~†.~~~~~~~~~~~...~~
~~~~.(~@@A~~~~~..~~~~..~~
~~≈~~~.(...~~~~...~~~~.~~
≈≈≈≈m~.....~~~~~≈~~~~~~~~
≈≈m≈m~.....~~~~~~~~~≈≈~~~
≈≈≈mm~......~~~~~.~~≈≈~..
≈≈≈≈~~~...$.~~~~~..~~~.#.
≈≈≈≈~~~~.....~.~~.....##.
~≈≈≈~~~(~~........~......
~~~~~~~~~~~.........~~<..


You could see Nikola (poisoned, ally target), a merfolk javelineer, 4 merfolk
and a friendly angel (summoned).

Vanquished Creatures
  A bone dragon (Abyss:3)
  A hellephant (Abyss:3)
  Jorgrun (Snake:2)
  Mlioglotl (Snake:1)
  2 deep elf blademasters (Elf:3)
  2 deep elf master archers (Elf:3)
  Polyphemus (Shoals:2)
  The ghost of bronco the Pyromancer, an adept DEEE of Vehumet (Elf:3)
  4 tentacled starspawn
  A frost giant (D:12)
  7 nagarajas
  The ghost of Ovesh the Black Belt, a journeyman OpSh of Ashenzari (Snake:1)
  5 deep elf sorcerers
  6 deep elf elementalists
  3 deep elf demonologists (Elf:3)
  3 deep elf annihilators (Elf:3)
  7 deep elf death magi
  A minotaur (Shoals:1)
  2 fire dragons (Shoals:2)
  A blizzard demon (Abyss:3)
  Snorg (D:14)
  A merfolk javelineer (Shoals:1)
  The ghost of Consumeair16 the Protected, a journeyman GnCj of Elyvilon (D:12)
  A crystal guardian (Snake:1)
  A merfolk impaler (Shoals:2)
  3 quicksilver dragon zombies (D:15)
  A great orb of eyes (D:13)
  3 hydras
  2 rakshasas (Abyss:3)
  A catoblepas (Shoals:2)
  Harold (Orc:1)
  A deep elf high priest (Elf:3)
  Erolcha (D:13)
  A death knight (D:13)
  5 two-headed ogres
  27 dancing weapons
  An ice dragon (Lair:2)
  2 salamander tyrants
  A satyr (Shoals:1)
  5 anacondas
  4 centaur warriors
  2 tengu warriors
  13 naga sharpshooters
  2 boulder beetles (D:14)
  9 death yaks
  6 orc high priests
  A vampire mage (D:15)
  6 thrashing horrors
  10 naga warriors
  7 shock serpents
  23 deep elf knights
  Sonja (Orc:1)
  5 skysharks
  2 wretched stars (Abyss:3)
  A sixfirhy (Abyss:3)
  6 salamander mystics
  7 sea snakes
  5 skeletal warriors
  6 mana vipers
  10 deep elf archers
  An obsidian statue (D:12)
  10 naga ritualists
  A necromancer (D:15)
  29 deep elf pyromancers
  24 deep elf zephyrmancers
  4 harpies (Shoals:1)
  A lindwurm (Lair:5)
  An orc sorcerer (Orc:1)
  11 orc knights
  6 cyclopes
  8 manticores
  5 ugly things
  14 fauns
  2 large abominations
  Maurice (D:7)
  4 draconians (Abyss:3)
  9 salamanders
  22 black mambas
  3 meliai (Shoals:1)
  4 elephants
  An ice statue (Lair:2)
  3 water nymphs
  7 merfolk sirens
  5 guardian serpents
  5 kobold blastminers
  8 cane toads
  A gargoyle (D:12)
  13 naga magi
  An unseen horror (D:12)
  Jeremiah (D:8)
  2 kobold demonologists
  9 komodo dragons
  An efreet (D:14)
  6 merfolk
  A guardian mummy (D:14)
  A hornet (shapeshifter) (D:14)
  4 trolls
  6 polar bears
  3 hornets
  Grinder (D:3)
  16 blink frogs
  A wolf spider simulacrum (D:15)
  A wind drake (Shoals:1)
  5 dream sheep
  2 snapping turtles
  A slime creature (D:12)
  3 air elementals
  6 wyverns
  13 spriggans (Lair:5)
  2 ynoxinuls (Abyss:3)
  5 shadows
  3 wraiths
  An ettin skeleton (Abyss:3)
  58 yaks
  2 basilisks
  5 water elementals
  Eustachio (D:6)
  2 fire bats (Abyss:3)
  A fire elemental (Elf:3)
  3 vampire mosquitoes (D:14)
  2 wargs (Orc:2)
  2 neqoxecs (Abyss:3)
  2 steam dragons (D:8)
  28 nagas
  2 small abominations (Abyss:3)
  Duvessa (D:6)
  13 water moccasins
  2 acid dragons
  6 black bears
  34 orc warriors
  4 boggarts (Lair:5)
  2 laughing skulls (D:14)
  3 sky beasts
  9 ice beasts (Lair:2)
  An ogre (Orc:1)
  22 wolves
  5 starcursed masses (Abyss:3)
  2 centaurs
  A phantom (D:5)
  5 kobold brigands
  9 bullfrogs
  An earth elemental (Elf:1)
  5 scorpions
  8 wights
  Dowan (D:6)
  5 killer bees
  8 howler monkeys
  4 bombardier beetles
  A centaur zombie (D:4)
  5 hounds
  2 quasits (Sewer)
  3 jellies
  Crazy Yiuf (D:2)
  31 orc priests
  2 gnoll boudas (D:7)
  3 iguanas (D:7)
  2 sleepcaps (D:5)
  Natasha (thrice) (D:4)
  27 orc wizards
  2 hound zombies (D:4)
  19 gnolls
  4 adders
  5 shadow imps
  3 white imps
  2 ufetubi (Sewer)
  2 adder zombies (D:4)
  2 dart slugs
  A ribbon worm (D:4)
  98 orcs
  5 bats
  10 endoplasms
  3 giant cockroaches
  7 goblins
  4 hobgoblins
  17 jackals
  38 kobolds
  6 quokkas
  4 ball pythons
  A frilled lizard (D:1)
  A kobold zombie (Sewer)
  4 rats
  3 lurking horrors
  2 starspawn tentacles (Abyss:3)
1117 creatures vanquished.

Vanquished Creatures (collateral kills)
  A bone dragon (Abyss:3)
  A storm dragon (Abyss:3)
  A shadow dragon (Abyss:3)
  A draconian monk (Abyss:3)
  A draconian scorcher (Abyss:3)
  A draconian stormcaller (Abyss:3)
  A very ugly thing (Abyss:3)
  A naga warrior (Snake:3)
  A thrashing horror (Abyss:3)
  An orc high priest (Orc:2)
  An orc knight (Orc:2)
  An ugly thing (Abyss:3)
  A draconian (Abyss:3)
  An apocalypse crab (Abyss:3)
  An ancient zyme (Abyss:3)
  A hornet (Lair:5)
  A bullfrog (Lair:3)
  An ufetubus (Abyss:3)
  3 training dummies (Snake:3)
21 creatures vanquished.

Vanquished Creatures (others)
  A deep elf knight (Elf:2)
  A deep elf zephyrmancer (Elf:2)
  A manticore (Shoals:1)
  2 snapping turtles (Shoals:3)
  An orc warrior (Orc:2)
  An ufetubus (Abyss:3)
  An adder zombie (Sewer)
  A kobold zombie (Sewer)
  7 starspawn tentacles
16 creatures vanquished.

Grand Total: 1154 creatures vanquished

Notes
Turn   | Place    | Note
-------+----------+-------------------------------------------
     0 | D:1      | mrw3rdna the Minotaur Fighter began the quest for the Orb.
     0 | D:1      | Reached XP level 1. HP: 19/19 MP: 0/0
    77 | D:1      | Reached XP level 2. HP: 27/27 MP: 1/1
    87 | D:1      | Reached skill level 3 in Axes
   227 | D:1      | Found Wiskadd's Jewellery Boutique.
   280 | D:1      | Reached XP level 3. HP: 33/33 MP: 2/2
   517 | D:2      | Reached skill level 1 in Throwing
   527 | D:2      | Found a stormy altar of Qazlal.
   715 | D:2      | Reached skill level 1 in Invocations
   716 | D:2      | Reached XP level 4. HP: 40/40 MP: 3/3
   870 | D:2      | Found a runed translucent door.
   871 | D:2      | Noticed Crazy Yiuf
   924 | D:2      | Killed Crazy Yiuf
  1028 | D:2      | Reached XP level 5. HP: 46/46 MP: 4/4
  1350 | D:3      | Reached skill level 4 in Axes
  1932 | D:3      | Found a faded altar of an unknown god.
  1947 | D:3      | Found a snail-covered altar of Cheibriados.
  1957 | D:3      | Noticed Grinder
  1959 | D:3      | Paralysed by Grinder for 4 turns
  1979 | D:3      | Paralysed by Grinder for 3 turns
  1984 | D:3      | Killed Grinder
  1985 | D:3      | Reached skill level 5 in Fighting
  1985 | D:3      | Reached XP level 6. HP: 56/56 MP: 6/6
  2233 | D:4      | Found a basalt altar of Yredelemnul.
  2238 | D:4      | Reached skill level 5 in Axes
  2297 | D:4      | Found a shimmering blue altar of Sif Muna.
  2299 | D:4      | Found a burning altar of Makhleb.
  2299 | D:4      | Found a shimmering altar of Xom.
  2301 | D:4      | Found a snail-covered altar of Cheibriados.
  2301 | D:4      | Found a white marble altar of Elyvilon.
  2301 | D:4      | Found a snail-covered altar of Cheibriados.
  2349 | D:4      | Reached XP level 7. HP: 55/61 MP: 7/7
  2381 | D:4      | Found a burning altar of Makhleb.
  2383 | D:4      | Noticed an Executioner
  2394 | D:4      | Reached skill level 5 in Armour
  2412 | D:4      | Reached skill level 5 in Shields
  2424 | D:4      | Found a glowing drain.
  2441 | Sewer    | Entered a sewer
  2522 | Sewer    | Found a burning altar of Makhleb.
  2674 | Sewer    | Identified the +0 pair of gloves of Pathos {+Inv rCorr
                  | Dex+4}
  2768 | D:4      | Reached skill level 6 in Axes
  2820 | D:4      | Noticed a ynoxinul
  2820 | D:4      | Noticed a hellwing
  2834 | D:4      | Found a white marble altar of Elyvilon.
  2985 | D:4      | Noticed Natasha
  2991 | D:4      | Killed Natasha
  3003 | D:4      | Found a staircase to the Ecumenical Temple.
  3057 | D:4      | Noticed Natasha
  3061 | D:4      | Killed Natasha
  3108 | Temple   | Entered the Ecumenical Temple
  3116 | Temple   | Became a worshipper of the Shining One
  3211 | D:4      | Noticed Natasha
  3221 | D:4      | Killed Natasha
  3222 | D:4      | Reached XP level 8. HP: 69/70 MP: 9/9
  3355 | D:5      | Entered Level 5 of the Dungeon
  3526 | D:5      | Reached skill level 1 in Evocations
  3608 | D:5      | Identified the +0 sling of the Pharaoh's Fist {freeze, rF++
                  | Str+2 Int+3}
  3681 | D:5      | Reached skill level 7 in Axes
  4007 | D:6      | Noticed Eustachio
  4007 | D:6      | Reached * piety under the Shining One
  4007 | D:6      | Noticed Duvessa
  4007 | D:6      | Noticed Dowan
  4091 | D:6      | Identified the +4 whip of the Kidney {holy, *Slow rCorr
                  | Str+7}
  4121 | D:6      | Killed Eustachio
  4122 | D:6      | Reached XP level 9. HP: 78/78 MP: 9/11
  4239 | D:6      | Killed Dowan
  4240 | D:6      | Reached skill level 8 in Axes
  4390 | D:6      | Killed Duvessa
  4581 | D:7      | Noticed Maurice
  4593 | D:7      | Maurice stole a ring of magical power
  4594 | D:7      | Killed Maurice
  4595 | D:7      | Reached skill level 9 in Axes
  4828 | D:7      | Reached skill level 5 in Invocations
  4842 | D:7      | Reached ** piety under the Shining One
  5016 | D:7      | Found a blossoming altar of Fedhas.
  5116 | D:8      | Reached XP level 10. HP: 76/88 MP: 12/12
  5182 | D:8      | Found a hide-covered altar of Uskayaw.
  5223 | D:8      | Noticed Jeremiah
  5239 | D:8      | Found a flagged portal.
  5262 | D:8      | Killed Jeremiah
  5263 | D:8      | Reached skill level 10 in Axes
  5301 | Bailey   | Entered a bailey
  5488 | Bailey   | Noticed an orc knight
  5498 | Bailey   | Killed an orc knight
  5876 | D:8      | Found an opulent altar of Gozag.
  5876 | D:8      | Found a stormy altar of Qazlal.
  6275 | D:9      | Noticed an orange demon
  6435 | D:9      | Reached *** piety under the Shining One
  6560 | D:9      | Noticed a deep elf pyromancer
  6598 | D:9      | Killed a deep elf pyromancer
  6599 | D:9      | Reached skill level 11 in Axes
  6599 | D:9      | Reached XP level 11. HP: 46/95 MP: 14/14
  6868 | D:9      | Found a bloodstained altar of Trog.
  6902 | D:9      | Found a staircase to the Orcish Mines.
  6930 | D:9      | Reached skill level 5 in Evocations
  7028 | D:9      | You fall into a shaft and drop 1 floor!
  7028 | D:10     | Entered Level 10 of the Dungeon
  7056 | D:10     | Found a staircase to the Lair.
  7132 | D:10     | Reached **** piety under the Shining One
  7241 | D:9      | Reached skill level 12 in Axes
  7470 | D:10     | Noticed a two-headed ogre
  7482 | D:10     | Killed a two-headed ogre
  7664 | D:10     | Noticed a two-headed ogre
  7672 | D:10     | Killed a two-headed ogre
  8077 | Lair:1   | Entered Level 1 of the Lair of Beasts
  8077 | Lair:1   | Noticed a four-headed hydra
  8765 | D:12     | Reached skill level 10 in Fighting
  9050 | D:12     | Found a runed translucent gate.
  9051 | D:12     | Found a runed translucent gate.
  9051 | D:12     | Found an opulent altar of Gozag.
  9052 | D:12     | Found a runed translucent gate.
  9052 | D:12     | Noticed an obsidian statue
  9055 | D:12     | Noticed Consumeair16's ghost (journeyman GnCj)
  9055 | D:12     | Noticed a tengu warrior
  9055 | D:12     | Noticed a frost giant
  9057 | D:12     | Found Rasas's Assorted Antiques.
  9132 | D:12     | Found a shadowy altar of Dithmenos.
  9150 | D:12     | Noticed a two-headed ogre
  9160 | D:12     | Killed a two-headed ogre
  9161 | D:12     | Reached skill level 10 in Armour
  9161 | D:12     | Reached XP level 12. HP: 94/106 MP: 16/16
  9281 | D:12     | Reached skill level 13 in Axes
  9283 | D:12     | Reached skill level 10 in Shields
  9739 | Lair:1   | Reached ***** piety under the Shining One
 10109 | Lair:1   | Reached skill level 14 in Axes
 10843 | Lair:2   | Noticed an ice dragon
 10868 | Lair:2   | Killed an ice dragon
 11058 | Lair:2   | Noticed a death yak
 11063 | Lair:2   | Noticed a death yak
 11064 | Lair:2   | Noticed a death yak
 11065 | Lair:2   | Noticed a death yak
 11070 | Lair:2   | Noticed a death yak
 11074 | Lair:2   | Noticed a death yak
 11090 | Lair:2   | Killed a death yak
 11103 | Lair:2   | Killed a death yak
 11104 | Lair:2   | Reached XP level 13. HP: 103/116 MP: 18/18
 11396 | Lair:2   | Found a staircase to the Snake Pit.
 11409 | Lair:2   | Reached skill level 15 in Axes
 11782 | Lair:3   | Found a broken altar of Ashenzari.
 11956 | Lair:3   | HP: 4/117 [skyshark (12)]
 12207 | Lair:3   | Identified the +1 hand axe "Secarghadish" {drain, rC+ Int+4
                  | SInv}
 13628 | Lair:5   | Entered Level 5 of the Lair of Beasts
 13632 | Lair:5   | Identified the ring "Boci" {rF+++ MP-9 Str-5 Int+5 Dex+6
                  | Stlth+}
 13654 | Lair:5   | Found an iron altar of Okawaru.
 13887 | Lair:5   | Reached skill level 1 in Dodging
 13889 | Lair:5   | Reached XP level 14. HP: 126/126 MP: 20/20
 13983 | Lair:5   | Reached skill level 16 in Axes
 14102 | Lair:5   | Found a staircase to the Slime Pits.
 14103 | Lair:5   | Found a viscous altar of Jiyva.
 14157 | Lair:5   | Reached skill level 5 in Throwing
 14485 | Lair:5   | Reached XP level 15. HP: 134/134 MP: 21/21
 15057 | D:13     | Noticed Erolcha
 15080 | D:13     | Killed Erolcha
 15605 | D:13     | Found a sacrificial altar of Ru.
 15705 | D:13     | Found a gate to the Vaults.
 15719 | D:13     | Identified the ring "Nyhut" {Ice rPois rN+++ Str+4 Int-3}
 15914 | D:14     | Reached skill level 5 in Dodging
 15972 | D:14     | Found a transporter.
 15973 | D:14     | Found a transporter.
 16128 | D:14     | Noticed Snorg
 16141 | D:14     | Killed Snorg
 16142 | D:14     | Reached skill level 10 in Invocations
 16398 | D:14     | Reached ****** piety under the Shining One
 16450 | D:14     | Found a portal to a secret trove of treasure.
 16737 | D:15     | Entered Level 15 of the Dungeon
 16750 | D:15     | Reached skill level 17 in Axes
 16751 | D:15     | Found a staircase to the Depths.
 17199 | Orc:1    | Entered Level 1 of the Orcish Mines
 17199 | Orc:1    | Noticed Harold
 17234 | Orc:1    | Killed Harold
 17421 | Orc:1    | Noticed Sonja
 17434 | Orc:1    | Killed Sonja
 17625 | Orc:2    | Entered Level 2 of the Orcish Mines
 18296 | Orc:2    | Found a staircase to the Elven Halls.
 18615 | Orc:2    | Found Senupt's Distillery.
 18616 | Orc:2    | Found Ocveq's Distillery.
 18616 | Orc:2    | Found Avveutit's Armour Shop.
 18617 | Orc:2    | Found Luriene's Antique Armour Boutique.
 18627 | Orc:2    | Bought 2 potions of curing for 60 gold pieces
 18627 | Orc:2    | Bought a potion of might for 40 gold pieces
 18627 | Orc:2    | Bought a potion of heal wounds for 50 gold pieces
 18631 | Orc:2    | Bought a pitted plate armour for 560 gold pieces
 18631 | Orc:2    | Identified the +10 plate armour of Impermeability {Rampage
                  | Int+3 Dex-3} (You bought it in a shop on level 2 of the
                  | Orcish Mines)
 18903 | D:12     | Killed a frost giant
 18909 | D:12     | Reached skill level 18 in Axes
 18912 | D:12     | Killed Consumeair16's ghost
 19014 | D:12     | Bought a scroll labelled HEYLIXKACZO for 31 gold pieces
 19014 | D:12     | Bought a scroll of identify for 62 gold pieces
 19175 | Snake:1  | Entered Level 1 of the Snake Pit
 19180 | Snake:1  | Identified the +1 robe "Beelyiq" {rF+}
 19186 | Snake:1  | Noticed Mlioglotl
 19199 | Snake:1  | Killed Mlioglotl
 19200 | Snake:1  | Reached XP level 16. HP: 52/145 MP: 8/23
 19215 | Snake:1  | Noticed a tentacled starspawn
 19216 | Snake:1  | Found a one-way gate to the infinite horrors of the Abyss.
 19216 | Snake:1  | Noticed Ovesh's ghost (journeyman OpSh)
 19300 | Snake:1  | Noticed a tentacled starspawn
 19381 | Snake:1  | Found a transporter.
 19386 | Snake:1  | Found a transporter.
 20106 | Snake:1  | Killed a tentacled starspawn
 20108 | Snake:1  | Killed a tentacled starspawn
 20246 | Snake:1  | Killed Ovesh's ghost
 20367 | Snake:2  | Noticed Jorgrun
 20381 | Snake:2  | Killed Jorgrun
 21404 | Snake:3  | Reached skill level 19 in Axes
 21825 | Snake:3  | Found Puostroam's Book Emporium.
 21828 | Snake:3  | Found Weiqiu Qitu's Jewellery Boutique.
 21829 | Snake:3  | Found Vunonk's Book Emporium.
 22169 | Snake:3  | Found Ipnutit's Antique Weapon Shoppe.
 22413 | Snake:3  | Found Tiguez's Firing Range.
 22440 | Snake:3  | Bought 2 throwing nets for 102 gold pieces
 22440 | Snake:3  | Bought 2 throwing nets for 102 gold pieces
 22440 | Snake:3  | Bought a throwing net for 51 gold pieces
 22699 | Snake:4  | Entered Level 4 of the Snake Pit
 22829 | Snake:4  | Found Jiokhlus's Jewellery Shop.
 22887 | Snake:4  | Found Ulietucw's Weapon Shoppe.
 22899 | Snake:4  | Found Qoeh's Book Emporium.
 22901 | Snake:4  | Found Apseum's Magic Scroll Shoppe.
 22909 | Snake:4  | Bought a scroll of silence for 171 gold pieces
 22909 | Snake:4  | Bought a scroll of blinking for 135 gold pieces
 22909 | Snake:4  | Bought a scroll of brand weapon for 171 gold pieces
 22912 | Snake:4  | Bought a scroll of identify for 36 gold pieces
 22912 | Snake:4  | Bought a scroll of identify for 36 gold pieces
 23001 | Snake:4  | Found Ywnil's Distillery.
 23002 | Snake:4  | Found Pifedghy's Antique Weapon Shoppe.
 23008 | Snake:4  | Found Filer's Book Shoppe.
 23010 | Snake:4  | Bought a potion of berserk rage for 65 gold pieces
 23010 | Snake:4  | Bought a potion of heal wounds for 65 gold pieces
 23015 | Snake:4  | Bought a polished war axe for 255 gold pieces
 23015 | Snake:4  | Identified the +5 war axe "Ytaujedu" {freeze, rElec rCorr
                  | Stlth-} (You bought it in a shop on level 4 of the Snake
                  | Pit)
 23090 | Snake:4  | Found Avodeull's Magic Scroll Shop.
 23272 | Snake:4  | Reached XP level 17. HP: 140/154 MP: 15/24
 23329 | Snake:4  | Reached skill level 15 in Fighting
 23447 | Snake:4  | Reached skill level 15 in Armour
 23451 | Snake:4  | Reached skill level 20 in Axes
 23657 | Snake:4  | Identified the +1 cloak of the Everdark {+Inv Int+2}
 23674 | Snake:4  | Got a serpentine rune of Zot
 23790 | Snake:4  | Identified the +0 spear of Linearity {freeze, Will+ Str+2
                  | Dex+4}
 24493 | Elf:1    | Entered Level 1 of the Elven Halls
 24635 | Elf:1    | Reached skill level 15 in Shields
 24676 | Elf:1    | Identified the +2 chain mail "Esuon" {Will+}
 24787 | Elf:1    | Paralysed by an air elemental for 1 turns
 25608 | Elf:2    | Found Soac's Weapon Emporium.
 25665 | Elf:2    | Found a runed translucent gate.
 25666 | Elf:2    | Found a runed translucent gate.
 25666 | Elf:2    | Found a runed translucent gate.
 25889 | Elf:2    | Paralysed by an air elemental for 1 turns
 26195 | Elf:2    | Reached XP level 18. HP: 162/166 MP: 17/26
 26208 | Elf:2    | Reached skill level 21 in Axes
 26697 | Elf:3    | Entered Level 3 of the Elven Halls
 26837 | Elf:3    | Found a runed translucent door.
 26838 | Elf:3    | Found a shimmering altar of Xom.
 26838 | Elf:3    | Noticed bronco's ghost (adept DEEE)
 27015 | Elf:3    | Noticed an Ice Fiend
 27054 | Elf:3    | Identified the ring "Luheroh" {*Corrode rC++ rN+++ Str+3
                  | Dex+6}
 27121 | Abyss:3  | Cast into level 3 of the Abyss (a deep elf demonologist)
 27401 | Abyss:3  | Noticed a bone dragon
 27428 | Abyss:3  | Killed a bone dragon
 27530 | Abyss:3  | Gained mutation: You occasionally lose the ability to drink
                  | potions when taking damage. [a neqoxec]
 27571 | Abyss:3  | Found a transporter.
 27575 | Abyss:3  | Noticed a bone dragon
 27589 | Abyss:3  | Killed a bone dragon
 27598 | Abyss:3  | Reached skill level 22 in Axes
 27641 | Abyss:3  | Noticed a hellephant
 27653 | Abyss:3  | Killed a hellephant
 27664 | Abyss:3  | Found a transporter.
 27665 | Abyss:3  | Got an abyssal rune of Zot
 27702 | Elf:3    | Escaped the Abyss
 27790 | Elf:3    | Identified the +5 dagger of Conflict {venom, Dex+3}
 27793 | Elf:3    | Reached XP level 19. HP: 170/174 MP: 19/28
 27833 | Elf:3    | Gained mutation: You are clumsy. (Dex -2) [a cacodemon]
 27836 | Elf:3    | Gained mutation: You sometimes lose your temper in combat.
                  | [a cacodemon]
 28023 | Elf:3    | Identified the +5 chain mail "Fuhophod" {rC+ rN+ rCorr
                  | Str+3}
 28061 | Elf:3    | Got the Information on the Panacea
 28211 | Elf:3    | Identified the +9 rapier of Honour {pain, rC+ Will+}
 28226 | Elf:3    | Identified the +1 leather armour of Uqyxopui {rN+ Int-4
                  | Slay+2}
 28376 | Elf:3    | Found Aharega's Armour Shoppe.
 28512 | Elf:3    | Killed bronco's ghost
 28517 | Elf:3    | Identified the +6 spear "Opsesy" {speed, Fly rF+ Str-5
                  | Int+3}
 28689 | D:10     | Lost mutation: You sometimes lose your temper in combat.
                  | [potion of mutation]
 28689 | D:10     | Lost mutation: You are clumsy. (Dex -2) [potion of
                  | mutation]
 28689 | D:10     | Lost mutation: You occasionally lose the ability to drink
                  | potions when taking damage. [potion of mutation]
 28689 | D:10     | Gained mutation: Your mind is acute. (Int +4, Str/Dex -1)
                  | [potion of mutation]
 28689 | D:10     | Gained mutation: You occasionally lose the ability to read
                  | scrolls when taking damage. [potion of mutation]
 28689 | D:10     | Gained mutation: Your health recovers twice as slowly from
                  | being drained. [potion of mutation]
 28833 | Shoals:1 | Entered Level 1 of the Shoals
 29087 | Shoals:1 | Found a hide-covered altar of Uskayaw.
 29806 | Shoals:1 | Identified the +8 longbow of Ciehuuh {elec, rF++ Will+
                  | rCorr MP-9}
 29830 | Shoals:2 | Noticed Polyphemus
 29844 | Shoals:2 | Killed Polyphemus
 29863 | Shoals:2 | Found Cuet's Weapon Emporium.
 30585 | Shoals:2 | Identified the +0 animal skin of Sif Muna's Favour {Fly rC-
                  | rCorr SInv}
 30925 | Shoals:3 | Noticed Nikola
 30967 | Shoals:3 | Killed from afar by Nikola

Illustrated notes

Levels and vault maps discovered:
D:1:      minmay_arrival_up_and_down, layout_rooms, serial_shops,
          nicolae_shop_just_a_little_nook
D:2:      layout_loops_ring, basic_altar, uniq_crazy_yiuf_cottage
D:3:      layout_loops_cross, nicolae_overflow_ecumenical_swirl, serial_forest,
          infiniplex_forest_lined_3, infiniplex_forest_lined_room_2,
          infiniplex_forest_clump_diagonal, infiniplex_forest_corner_1,
          infiniplex_forest_clump_tiny, infiniplex_forest_clump_small,
          infiniplex_forest_end_2, infiniplex_forest_fountain,
          roderic_roman_lattice, serial_park_tiny_1, minmay_misc_feat_doors,
          uniq_grinder
D:4:      layout_loops_cross, doesnt_xom_only_xom, elyvilon_altar_1,
          makhleb_altar_promises_db, nicolae_yredelemnul_corpse_copse,
          minmay_temple_entry_fiery, portal_sewer_entry_a,
          grunt_decor_one_mirror, uniq_natasha
D:5:      layout_loops_ring
D:6:      layout_gridville, chequers_serial_rivers_micro_e, uniq_eustachio,
          uniq_duvessa
D:7:      layout_rooms, mainiacjoe_overflow_six_doors_small, serial_park_tiny_2,
          chequers_decorated_corner, uniq_maurice
D:8:      layout_cave_pools, gammafunk_temple_overflow_elements,
          eat_drink_and_be_merry_uskayaw, enter_bailey_5, uniq_jeremiah
D:9:      minmay_polygon_palace, layout_loops_cross, lightli_temple_of_fire,
          david_orc_3
D:10:     layout_irregular_city, david_lair_generic, feat_on_display
D:11:     layout_cave_pools
D:12:     layout_loops_ring, ebering_ghost_gozag,
          grunt_dithmenos_smoke_and_mirrors
D:13:     layout_rooms, hellmonk_vaults_attempted_burglary, serial_bayou_pond_a,
          nicolae_ru_the_path_less_chosen, uniq_erolcha
D:14:     gammafunk_boulding_lane, layout_long_grid,
          nicolae_trove_entry_path_of_doom, minmay_misc_feat_enclosed,
          small_chamber_with_monster, uniq_snorg
D:15:     gammafunk_depths_entry_grave, layout_long_grid, serial_glass,
          glass_columns_a, glass_columns_c, serial_bayou_ford_a, minivault_19
Temple:   hellmonk_temple_forest_ring
Lair:1:   layout_layer_cave, grunt_megastairs_3
Lair:2:   layout_loops_ring, guppyfry_snake_entry_island, ice2_lemuel
Lair:3:   layout_regular_city, nicolae_shoals_entry_flooding, basic_altar,
          grunt_forest_small_clearing_treed, grunt_megastairs_2
Lair:4:   layout_cave_pods
Lair:5:   minmay_lair_end_enchanted_forest, layout_regular_city, slime_entry_1,
          basic_altar, infiniplex_staircase_pool
Shoals:1: layout_shoals, nicolae_shoals_lost_giant_pillars,
          regret_index_shoals_crete
Shoals:2: argonaut_golden_fleece, layout_shoals, serial_shops,
          nicolae_shop_bloodbath_and_beyond, uniq_polyphemus
Shoals:3: cheibrodos_shoals_three_sisters, layout_shoals, st_shoals_ruin,
          uniq_bai_suzhen, uniq_donald, uniq_nikola
Snake:1:  layout_misc_corridors, gammafunk_ghost_abyssal_escape, uniq_mlioglotl
Snake:2:  layout_basic, uniq_jorgrun
Snake:3:  layout_cave_town, serial_shops, shop, nicolae_shop_firing_range,
          minmay_shop_grove
Snake:4:  johnstein_snake_rune_scales, layout_cave_town, serial_shops,
          nicolae_shop_gaudy_bauble, nicolae_shop_tiny_glass, shop, shop,
          nicolae_shop_tiny_glass, minmay_shop_star
Orc:1:    layout_caves, mines1_david, uniq_harold, uniq_sonja
Orc:2:    st_orc_pillars, layout_caves, basic_altar
Elf:1:    layout_gridlike, hangedman_elven_crosses_minicolossus
Elf:2:    nicolae_elf_blades_crystal_corner, layout_loops_corners, serial_shops,
          nicolae_shop_hallway_plus
Elf:3:    elf_hall, layout_geoelf_diagonals, ebering_ghost_xom, serial_shops,
          shop, nicolae_twisting_strands, serial_library_hellmonk_hallway_b,
          nicolae_elf_glass_and_crystal_pillar_1

Skill      XL: |  1  2  3  4  5  6  7  8  9 10 11 12 13 14 15 16 17 18 19 |
---------------+----------------------------------------------------------+-----
Axes           | 3 4 5 6 7 9 11 12 14 15 16 18 19 20 22 | 22.9
Throwing       | 1 2 3 4 5 7 8 |  8.0
Shields        | 4 5 6 7 8 9 11 12 13 14 15 16 17 | 17.1
Fighting       | 4 5 6 7 8 10 11 12 13 14 15 16 17 | 17.6
Armour         | 4 5 6 7 8 10 11 12 13 14 15 16 17 | 17.3
Invocations    | 1 2 3 4 5 6 7 8 9 10 11 12 13 14 | 14.1
Evocations     | 2 3 4 5 |  5.0
Dodging        | 3 4 5 |  5.0
Spellcasting   | 2 3 |  3.0

Action                     |  1- 3 |  4- 6 |  7- 9 | 10-12 | 13-15 | 16-18 | 19-21 || total
---------------------------+-------+-------+-------+-------+-------+-------+-------++-------
  Melee: War axe           |    74 |    91 |   258 |   618 |   935 |  1207 |   143 ||  3326
         Headbutt          |     6 |    18 |    67 |   196 |   340 |   366 |   176 ||  1169
         Whip              |       |       |     8 |    74 |    22 |       |       ||   104
         Spear             |       |       |       |       |       |       |   380 ||   380
  Throw: Dart              |       |    14 |    12 |    16 |    27 |       |    19 ||    88
         Throwing net      |       |       |       |       |     1 |     1 |       ||     2
         Javelin           |       |       |       |       |     3 |     1 |       ||     4
 Invoke: Divine Shield     |       |       |       |     1 |     3 |     2 |       ||     6
         Cleansing Flame   |       |       |       |       |     7 |     5 |     2 ||    14
         Summon Divine War |       |       |       |       |     1 |     3 |     1 ||     5
  Evoke: Wand              |       |       |       |     3 |     9 |     2 |     3 ||    17
    Use: Scroll            |       |     2 |       |    12 |    13 |    15 |       ||    42
         Potion            |       |       |       |     1 |     9 |     8 |     1 ||    19
 Armour: Scale mail        |    55 |     6 |       |       |       |       |       ||    61
         Chain mail        |       |    38 |   194 |   124 |   468 |       |       ||   824
         Plate armour      |       |       |       |   279 |   207 |   806 |   271 ||  1563
  Dodge: Dodged            |    52 |    60 |   194 |   300 |   417 |   174 |    49 ||  1246
  Block: Buckler           |    26 |    21 |   100 |   191 |   340 |       |       ||   678
         Kite shield       |       |       |       |       |     9 |   239 |       ||   248
         Reflection        |       |       |       |       |     9 |    88 |    60 ||   157
         Tower shield      |       |       |       |       |       |   809 |   453 ||  1262
